 Dungeon Crawl Stone Soup version 0.21.1-1-g345015f (webtiles) character file.

1270 nicolaieve the Cleaver (level 8, -3/64 HPs)
             Began as a Minotaur Berserker on July 17, 2018.
             Was a Believer of Trog.
             Slain by an ogre
             ... wielding a +0 giant club
              (5 damage)
             ... on level 5 of the Dungeon.
             The game lasted 00:10:04 (2555 turns).

nicolaieve the Cleaver (Minotaur Berserker)         Turns: 2555, Time: 00:10:05

Health: -3/64      AC:  9    Str: 24    XL:     8   Next: 28%
Magic:  7/7        EV:  8    Int:  4    God:    Trog [**....]
Gold:   215        SH:  4    Dex: 10    Spells: 7/7 levels left

rFire    . . .     SeeInvis .   a - +0 hand axe
rCold    . . .     Gourm    .   (no shield)
rNeg     . . .     Faith    .   l - +0 chain mail
rPois    .         Spirit   .   (helmet restricted)
rElec    .         Reflect  +   (no cloak)
rCorr    .         Harm     .   (no gloves)
MR       .....                  g - +0 pair of boots
Stlth    ..........             k - +4 amulet of reflection
HPRegen  0.20/turn              (no ring)
MPRegen  0.10/turn              (no ring)

@: berserk cooldown, slowed, very slow
A: retaliatory headbutt, horns 2
a: Berserk, Trog's Hand, Burn Spellbooks, Renounce Religion


You were on level 5 of the Dungeon.
You worshipped Trog.
Trog was pleased with you.
You were hungry.

You visited 1 branch of the dungeon, and saw 5 of its levels.

You collected 215 gold pieces.

Inventory:

Hand Weapons
 a - a +0 hand axe (weapon)
 r - a +0 whip of freezing
Armour
 g - a +0 pair of boots (worn)
 l - a +0 chain mail (worn)
Jewellery
 k - a +4 amulet of reflection (around neck)
Wands
 o - a wand of acid (6)
 s - a wand of iceblast (7)
Scrolls
 b - a scroll of random uselessness {unknown}
 d - a scroll of enchant armour {unknown}
 e - 3 scrolls of identify {unknown}
 h - 2 scrolls of remove curse {unknown}
 j - a scroll of magic mapping {unknown}
 m - a scroll of amnesia {unknown}
 n - a scroll of fear {unknown}
 q - a scroll of teleportation {unknown}
Potions
 f - a potion of flight {unknown}
 i - 3 potions of curing {unknown}
 p - a potion of berserk rage {unknown}
Comestibles
 c - 10 rations
 t - a chunk of flesh


   Skills:
 - Level 3.6 Fighting
 + Level 12.2 Axes
 - Level 2.4 Armour
 - Level 2.1 Dodging


You had 7 spell levels left.
You didn't know any spells.

Dungeon Overview and Level Annotations

Branches:
Dungeon (5/15)             Temple (0/1) D:4

Altars:
Ashenzari
Ru
Uskayaw


Innate Abilities, Weirdness & Mutations

You reflexively headbutt those who attack you in melee.
You have a pair of horns on your head.


Message History

You miss the crimson imp.
The crimson imp blinks!
You closely miss the crimson imp. Your headbutt misses the crimson imp.
The crimson imp hits you but does no damage.
Unknown command.
You hit the crimson imp. You headbutt the crimson imp!
The crimson imp is severely wounded.
The crimson imp hits you but does no damage.
You closely miss the crimson imp.
The crimson imp is severely wounded.
The crimson imp blinks!
Unknown command.
You slash the crimson imp!
You kill the crimson imp!
Trog accepts your kill.
An ogre comes into view. It is wielding a giant club.
The ogre shouts!
The ogre hits you with a giant club!!
* * * LOW HITPOINT WARNING * * *
The ogre hits you with a giant club.
You die...

###### . ..... .[
..$. ... ...
....## #.#
......#####.####
#....[........##..
##............
#....@........
#...O.........
#....)........
#....#####....
#####..#.# ....
#......#.# ...
#..####[#.# .. .
#<#.# #...#.#


You could see an ogre.

Vanquished Creatures
  Pikel (D:5)
  The ghost of Rwicked the Cleaver, a novice MiBe of Trog (D:5)
  A slave (D:5)
  A black bear (D:3)
  A big kobold (D:4)
  A scorpion (D:4)
  A crimson imp (D:5)
  2 hounds
  A worker ant (D:4)
  14 adders
  2 howler monkey skeletons
  2 oozes
  An adder zombie (D:4)
  A dart slug (D:1)
  3 leopard geckos
  2 orcs (D:3)
  9 bats
  5 giant cockroaches
  5 hobgoblins
  2 jackals (D:4)
  A ball python (D:2)
  12 frilled lizards
  6 goblins
  3 kobolds
  A leopard gecko skeleton (D:4)
  8 rats
87 creatures vanquished.

Vanquished Creatures (others)
  2 slaves (D:5)
  Blork the orc (D:5)
  A jelly (D:5)
  2 hounds (D:5)
6 creatures vanquished.

Grand Total: 93 creatures vanquished

Notes
Turn   | Place    | Note
-------+----------+-------------------------------------------
     0 | D:1      | nicolaieve the Minotaur Berserker began the quest for the Orb.
     0 | D:1      | Reached XP level 1. HP: 19/19 MP: 0/0
    51 | D:1      | Reached skill level 4 in Axes
   127 | D:1      | Reached XP level 2. HP: 24/26 MP: 1/1
   557 | D:1      | Reached skill level 5 in Axes
   886 | D:2      | Reached XP level 3. HP: 31/31 MP: 2/2
  1200 | D:2      | Reached skill level 6 in Axes
  1200 | D:2      | Reached XP level 4. HP: 38/39 MP: 3/3
  1297 | D:2      | Reached ** piety under Trog
  1351 | D:3      | Found a faded altar of an unknown god.
  1587 | D:3      | Reached XP level 5. HP: 45/45 MP: 4/4
  1611 | D:3      | Reached skill level 7 in Axes
  1665 | D:3      | Noticed a black bear
  1683 | D:3      | Killed a black bear
  1683 | D:3      | Reached skill level 8 in Axes
  1751 | D:3      | Reached XP level 6. HP: 30/51 MP: 5/5
  1792 | D:3      | Found a hide-covered altar of Uskayaw.
  1792 | D:3      | Found a shattered altar of Ashenzari.
  1792 | D:3      | Found a sacrificial altar of Ru.
  2288 | D:4      | Found a staircase to the Ecumenical Temple.
  2327 | D:4      | Reached skill level 9 in Axes
  2469 | D:5      | Entered Level 5 of the Dungeon
  2469 | D:5      | Noticed a slave
  2469 | D:5      | Noticed a slave
  2469 | D:5      | Noticed a slave
  2469 | D:5      | Noticed a slave
  2473 | D:5      | Noticed Pikel
  2474 | D:5      | Killed a slave
  2481 | D:5      | Killed Pikel
  2481 | D:5      | Reached skill level 11 in Axes
  2481 | D:5      | Reached XP level 7. HP: 57/57 MP: 6/6
  2505 | D:5      | Noticed Rwicked's ghost (novice MiBe)
  2518 | D:5      | Killed Blork the orc
  2526 | D:5      | Killed Rwicked's ghost
  2526 | D:5      | Reached skill level 12 in Axes
  2526 | D:5      | Reached XP level 8. HP: 19/64 MP: 7/7
  2554 | D:5      | HP: 1/64 [ogre/giant club (19)]
  2555 | D:5      | Slain by an ogre

Skill      XL: |  1  2  3  4  5  6  7 |
---------------+----------------------+-----
Axes           | 4 5 6 8 11 12 | 12.2
Fighting       | |  3.6
Armour         | |  2.4
Dodging        | |  2.1

Action                   |  1- 3 |  4- 6 |  7- 9 || total
-------------------------+-------+-------+-------++-------
Melee: Hand axe          |    87 |   159 |    33 ||   279
       Headbutt          |    11 |    19 |    10 ||    40
Invok: Berserk           |       |     2 |     1 ||     3
       Trog's Hand       |       |     1 |       ||     1
  Eat: Chunk             |     1 |     5 |     2 ||     8
Armor: Ring mail         |    33 |       |       ||    33
       Chain mail        |    10 |    87 |    13 ||   110
Dodge: Dodged            |    48 |    53 |     6 ||   107
Block: Other             |     6 |    44 |     2 ||    52
